Map: Lightshade LE

Players

Maru

  • Race: Terran Terran
  • League: Master

DPGZest (Zest) - Winner!

  • Race: Protoss Protoss

Event: DreamHack SC2 Masters 2021 Summer

VOD

Have the link to the VOD?

Description

Time

  • Played on: July 1, 2021, 11:56 a.m.
  • Length: 11:48

All games in this series

Show
View Real Time Build Order
Export as new Build Order

Maru Terran 

Build Orders:  

Get SALT Encoding   

  12  0:00  SCV  
  13  0:12  SCV  
  14  0:17  Supply Depot  
  14  0:24  SCV  
  15  0:40  Barracks  
  15  0:50  Barracks  
  15  0:54  SCV  
  16  1:06  SCV  
  16  1:07  Refinery  
  18  1:18  SCV  
  18  1:27  Marine  
  18  1:30  Orbital Command  
  19  1:35  Supply Depot  
  19  1:39  Marine  
  20  1:44  Marine  
  21  1:51  Bunker  
  21  1:56  SCV  
  21  2:00  Marine  
  23  2:05  Marine  
  24  2:09  SCV  
  25  2:21  SCV  
  26  2:23  Marine x2  
  26  2:29  Factory  
  28  2:35  Supply Depot  
  28  2:37  SCV  
  28  2:41  Marine  
  30  2:49  SCV, Marine  
  31  3:01  SCV  
  26  3:14  SCV  
  26  3:16  Widow Mine  
  26  3:17  Bunker  
  26  3:18  Supply Depot  
  29  3:26  SCV  
  30  3:27  Starport  
  30  3:38  SCV  
  30  3:40  Widow Mine  
  33  3:48  Refinery  
  33  3:57  Command Center  
  33  4:01  SCV  
  34  4:05  Medivac  
  34  4:09  Widow Mine  
  38  4:15  Supply Depot  
  38  4:18  SCV  
  39  4:29  Bunker  
  39  4:31  Factory Tech Lab  
  39  4:37  SCV  
  40  4:42  Starport Tech Lab  
  40  4:46  Refinery, Barracks Reactor  
  40  4:49  SCV  
  40  4:51  Siege Tank  
  44  5:01  SCV  
  45  5:09  Barracks  
  45  5:13  SCV  
  40  5:25  SCV  
  40  5:26  Raven  
  40  5:27  Orbital Command  
  41  5:30  Marine x2  
  43  5:37  SCV  
  44  5:47  Barracks  
  44  5:48  Marine x2  
  44  5:49  SCV  
  47  5:51  Engineering Bay  
  47  5:53  SCV  
  48  6:01  SCV  
  48  6:03  Marine, Stimpack  
  50  6:06  SCV, Marine x2  
  53  6:13  SCV  
  53  6:18  SCV, Terran Infantry Weapons Level 1  
  55  6:24  Marine x2  
  55  6:25  SCV  
  55  6:30  SCV  
  55  6:32  Marine  
  56  6:33  Starport Reactor, Factory Reactor  
  56  6:38  Refinery, SCV  
  56  6:39  Supply Depot  
  57  6:42  SCV, Marine  
  57  6:46  Barracks x2, Combat Shield  
  59  6:49  Marine x2  
  59  6:50  SCV  
  62  6:58  Supply Depot  
  62  7:01  SCV  
  63  7:02  SCV, Supply Depot  
  63  7:04  Marine x2  
  63  7:07  Marauder x2  
  70  7:19  Widow Mine, Medivac x2  
  70  7:20  Supply Depot  
  75  7:23  Widow Mine  
  75  7:27  Marine x2  
  75  7:28  SCV  
  80  7:30  Marauder  
  80  7:34  Supply Depot  
  80  7:35  Barracks Reactor, Barracks Tech Lab  
  82  7:40  Marauder  
  82  7:43  Concussive Shells  
  86  7:44  Widow Mine  
  86  7:45  Widow Mine  
  86  7:46  Marine  
  86  7:47  Marine  
  86  7:50  Supply Depot  
  90  7:52  Supply Depot  
  90  7:55  Marauder  
  92  8:00  Medivac  
  92  8:01  Medivac  
  98  8:06  Marauder  
  98  8:07  Marauder  
  98  8:11  Widow Mine  
  98  8:12  Widow Mine  
  100  8:16  Marine x2  
  100  8:17  Marauder  
  94  8:20  Terran Infantry Armor Level 1  
  94  8:22  Marine x2  
  94  8:26  Marine  
  97  8:29  Medivac  
  97  8:31  Medivac  
  101  8:37  Supply Depot  
  101  8:38  Widow Mine x2  
  104  8:45  Marauder, Marine  
  104  8:47  SCV  
  104  8:49  Marauder  
  104  8:54  Marauder, Marine x2  
  110  8:55  SCV  
  110  8:59  SCV  
  110  9:02  Marine  
  96  9:06  Marine  
  96  9:07  Marauder  
  96  9:09  Widow Mine  
  85  9:10  Marine  
  85  9:12  Marine  
  84  9:17  Widow Mine  
  86  9:26  Liberator x2  
  86  9:30  Marauder  
  94  9:34  Marauder  
  94  9:36  Marauder  
  94  9:38  Widow Mine  
  100  9:40  Marine  
  100  9:44  Marine x3  
  104  9:50  Supply Depot  
  104  9:53  Marauder  
  104  9:55  Marauder  
  108  10:01  Widow Mine  
  108  10:02  Widow Mine  
  110  10:09  Liberator x2  
  104  10:14  Marine  
  104  10:15  Marauder, Marine  
  105  10:22  Marauder  
  105  10:23  Widow Mine x2  
  109  10:41  Marine  
  110  10:44  Widow Mine  
  110  10:45  Widow Mine  
  110  10:49  Marine  
  109  10:50  Marine  
  109  10:52  Medivac x2  
  115  10:57  Marine x2  
  115  11:05  Widow Mine  
  117  11:14  Marauder, Marine x3  
  117  11:15  Marauder  
  117  11:17  Marine  
  119  11:23  Marauder  
Show
View Real Time Build Order
Export as new Build Order

DPGZest Protoss - Winner!

Build Orders:  

Get SALT Encoding   

  12  0:00  Probe  
  13  0:12  Probe  
  14  0:17  Pylon  
  14  0:24  Probe (Chrono Boost)  
  15  0:36  Probe (Chrono Boost), Gateway  
  16  0:44  Probe (Chrono Boost)  
  16  0:45  Assimilator  
  17  0:51  Probe  
  18  1:03  Probe  
  19  1:15  Probe  
  20  1:23  Cybernetics Core  
  20  1:24  Gateway  
  22  1:25  Zealot  
  22  1:32  Pylon  
  22  1:34  Probe  
  23  1:45  Assimilator  
  23  1:50  Probe  
  24  2:00  Stalker (Chrono Boost)  
  26  2:01  Shield Battery  
  26  2:04  Warp Gate  
  26  2:05  Probe  
  27  2:15  Stalker (Chrono Boost)  
  29  2:19  Pylon  
  29  2:27  Stalker (Chrono Boost)  
  31  2:37  Stalker  
  33  2:51  Pylon  
  33  3:00  Probe  
  32  3:15  Nexus  
  32  3:16  Probe  
  33  3:25  Pylon  
  33  3:28  Probe  
  33  3:33  Twilight Council  
  33  3:42  Probe (Chrono Boost)  
  34  3:51  Pylon  
  34  3:52  Sentry  
  34  3:54  Probe (Chrono Boost)  
  37  3:59  Probe (Chrono Boost)  
  38  4:08  Probe (Chrono Boost), Pylon  
  38  4:09  Blink  
  39  4:15  Robotics Facility  
  39  4:20  Probe (Chrono Boost)  
  40  4:30  Probe (Chrono Boost)  
  40  4:31  Probe (Chrono Boost)  
  42  4:37  Sentry  
  42  4:38  Probe (Chrono Boost)  
  46  4:39  Probe (Chrono Boost), Sentry  
  46  4:43  Probe (Chrono Boost)  
  49  4:47  Probe  
  50  4:55  Probe  
  50  4:59  Probe  
  52  5:04  Observer  
  52  5:05  Stalker  
  52  5:06  Stalker  
  57  5:07  Probe  
  57  5:10  Assimilator  
  57  5:11  Probe  
  59  5:15  Phoenix  
  59  5:21  Probe  
  60  5:24  Probe (Chrono Boost)  
  60  5:29  Nexus  
  60  5:31  Pylon, Assimilator  
  60  5:33  Probe (Chrono Boost)  
  61  5:36  Probe (Chrono Boost), Pylon  
  63  5:43  Probe (Chrono Boost)  
  63  5:45  Probe (Chrono Boost)  
  63  5:48  Templar Archives, Probe (Chrono Boost)  
  65  5:50  Probe  
  65  5:54  Shield Battery  
  66  5:59  Probe  
  66  6:02  Probe  
  68  6:04  Gateway  
  68  6:05  Gateway  
  68  6:11  Probe  
  68  6:14  Probe  
  68  6:16  Psionic Storm  
  68  6:18  Observer  
  70  6:23  Probe  
  71  6:26  Probe  
  72  6:34  Charge (Chrono Boost)  
  72  6:35  Probe  
  72  6:38  High Templar x2  
  72  6:39  Probe, Observer  
  78  6:40  Phoenix  
  78  6:42  Gateway  
  78  6:43  Probe, Gateway  
  79  6:47  Probe, Gateway  
  79  6:51  Probe  
  81  6:54  Gateway  
  81  6:57  Pylon  
  81  6:58  High Templar  
  83  7:01  Warp Prism (Chrono Boost)  
  83  7:03  Probe x2  
  87  7:09  Assimilator  
  87  7:10  Pylon  
  87  7:11  Assimilator  
  87  7:13  High Templar  
  89  7:21  Gateway  
  89  7:22  Probe, Gateway  
  90  7:23  Probe x2  
  90  7:29  Shield Battery  
  92  7:35  Probe x2  
  94  7:37  Observer  
  94  7:42  Immortal (Chrono Boost)  
  94  7:44  Probe  
  99  7:45  Pylon  
  99  7:48  Forge  
  99  7:50  Pylon  
  99  7:51  Pylon  
  99  8:03  Stalker x6  
  111  8:09  Observer  
  111  8:16  Protoss Ground Weapons Level 1  
  111  8:22  High Templar x4  
  111  8:25  Photon Cannon  
  119  8:27  Photon Cannon  
  119  8:28  Archon x2  
  118  8:38  Zealot x5  
  118  8:39  Observer (Chrono Boost), Zealot  
  131  8:52  Archon  
  131  8:54  Archon  
  131  9:00  Zealot x5  
  131  9:01  Zealot x3  
  125  9:10  Immortal (Chrono Boost)  
  129  9:17  High Templar x2  
  129  9:24  Forge  
  133  9:25  High Templar  
  133  9:26  High Templar x2  
  133  9:27  Zealot  
  133  9:28  Nexus  
  141  9:35  Pylon  
  141  9:37  Pylon  
  137  9:48  Observer (Chrono Boost)  
  137  9:50  Zealot  
  140  9:56  Robotics Facility  
  140  9:57  Pylon, Robotics Bay  
  126  10:17  Archon  
  126  10:18  Zealot x3  
  126  10:19  Zealot x7  
  146  10:27  Observer  
  146  10:49  Colossus x2 (Chrono Boost)  
  146  10:56  Observer  
  146  10:57  Zealot x10  
  176  11:19  Zealot x2  
  178  11:30  Stalker x2  
  178  11:31  Stalker x2  
  174  11:44  Stalker  
Tags
 
Add a new tag
Caveats
  • Supply blocks, unpowered buildings, or Contaminate may cause inaccurate times.
  • Supply counts are checked every 10 seconds.